 Dungeon Crawl Stone Soup version 0.23-a0-612-gcb482e9 (webtiles) character file.

104948 mhoghedin the Bludgeoner (level 16, -5/116 HPs)
             Began as a Kobold Berserker on Dec 22, 2018.
             Was the Champion of Trog.
             Slain by a redback (8 damage)
             ... on level 1 of the Spider Nest.
             The game lasted 01:10:20 (28211 turns).

mhoghedin the Bludgeoner (Kobold Berserker)        Turns: 28211, Time: 01:10:20

Health: -5/116     AC: 28    Str: 24    XL:     16   Next: 94%
Magic:  24/24      EV: 13    Int: 11    God:    Trog [******]
Gold:   1936       SH: 13    Dex: 14    Spells: 15/15 levels left

rFire    . . .     SeeInvis .   a - +4 eveningstar (crush)
rCold    + . .     Gourm    .   y - +0 shield
rNeg     . . .     Faith    +   O - +3 plate armour {rC+}
rPois    +         Spirit   .   l - +2 helmet
rElec    .         Reflect  .   m - +2 cloak {+Inv}
rCorr    .         Harm     .   F - +1 pair of gloves
MR       ++...                  w - +2 pair of boots
Stlth    ..........             V - amulet of faith {Faith, !P}
HPRegen  0.29/turn              i - ring "Gismiraohu" {rPois Str+2 Int+3 Stlth+}
MPRegen  0.19/turn              C - ring of protection from magic {MR+, !d}

@: berserk cooldown, slowed, very slow
A: small, carnivore, robust 1, wild magic 1
a: Berserk, Trog's Hand, Brothers in Arms, Renounce Religion, Evoke Invisibility


You were on level 1 of the Spider Nest.
You worshipped Trog.
Trog was exalted by your worship.
You were not hungry.

You visited 4 branches of the dungeon, and saw 24 of its levels.

You collected 3087 gold pieces.
You spent 1151 gold pieces at shops.

Inventory:

Hand Weapons
 a - a +4 eveningstar of crushing (weapon)
   (You acquired it on level 8 of the Dungeon)
 b - a +7 club of flaming
   (You took it off Robin on level 2 of the Dungeon)
 K - a +3 scimitar of flaming
   (You found it on level 1 of the Lair of Beasts)
Missiles
 E - 3 throwing nets {=f, !d}
 Y - 6 curare-tipped needles
Armour
 d - the +4 skin of Zhor {rC+++}
   (You found it on level 8 of the Dungeon)

   It renders you almost immune to cold.
 l - a +2 helmet (worn)
   (You took it off Robin on level 2 of the Dungeon)
 m - a +2 cloak of invisibility (worn)
   (You found it on level 8 of the Dungeon)
 w - a +2 pair of boots (worn)
   (You found it on level 4 of the Dungeon)
 y - a +0 shield (worn)
   (You found it on level 6 of the Dungeon)
 F - a +1 pair of gloves (worn)
   (You found it on level 8 of the Dungeon)
 O - a +3 plate armour of cold resistance (worn)
   (You took it off Saint Roka on level 2 of the Orcish Mines)
Jewellery
 i - the ring "Gismiraohu" (left hand) {rPois Str+2 Int+3 Stlth+}
   (You found it on level 6 of the Lair of Beasts)

   [ring of intelligence]

   It affects your strength (+2).
   It affects your intelligence (+3).
   It protects you from poison.
   It makes you more stealthy.
 p - the ring of Fallacy {+Blink rN++ MR- AC+3 Dex-3}
   (You found it on level 13 of the Dungeon)

   [ring of protection]

   It affects your AC (+3).
   It affects your dexterity (-3).
   It greatly protects you from negative energy.
   It affects your resistance to hostile enchantments.
   It lets you blink.
 v - an uncursed ring of flight {+Fly, !d}
   (You found it on level 4 of the Lair of Beasts)
 C - a ring of protection from magic (right hand) {MR+, !d}
   (You found it on level 4 of the Lair of Beasts)
 V - an amulet of faith (around neck) {Faith, !P}
   (You found it on level 12 of the Dungeon)
Wands
 g - a wand of polymorph (4)
   (You found it on level 8 of the Dungeon)
 j - a wand of enslavement (5)
   (You found it on level 1 of the Lair of Beasts)
 o - a wand of flame (36)
   (You found it on level 8 of the Dungeon)
 s - a wand of disintegration (23)
   (You found it on level 9 of the Dungeon)
 I - a wand of random effects (49)
   (You found it on level 9 of the Dungeon)
 P - a wand of iceblast (6)
   (You found it on level 13 of the Dungeon)
 Q - a wand of acid (1)
   (You found it on level 5 of the Lair of Beasts)
Scrolls
 e - 24 scrolls of remove curse
 h - 15 scrolls of teleportation
 t - a scroll of silence {unknown}
 u - 4 scrolls of blinking {!r}
 x - 2 scrolls of fear
 L - a scroll of holy word {unknown}
 M - 2 scrolls of fog
 R - 4 scrolls of identify
 U - 2 scrolls of magic mapping {!r}
Potions
 f - 6 potions of lignification {!q}
 k - 2 potions of resistance
 n - 2 potions of might
 q - 2 potions of mutation {!q}
 r - 2 potions of curing
 z - 4 potions of magic
 A - 4 potions of haste
 B - a potion of heal wounds
 D - a potion of agility
 J - a potion of brilliance
 W - a potion of berserk rage {unknown}
Miscellaneous
 G - a lamp of fire (inert)
   (You found it on level 1 of the Lair of Beasts)
 H - a fan of gales
   (You found it on level 9 of the Dungeon)
 S - a lightning rod (4/4)
   (You found it on level 11 of the Dungeon)
Comestibles
 c - 41 rations


   Skills:
 + Level 14.1 Fighting
   Level 1.3 Short Blades
 - Level 16.0 Maces & Flails
 + Level 6.9 Armour
 + Level 10.0 Dodging
 - Level 1.5 Stealth
 + Level 10.3 Shields
 + Level 11.2 Evocations


You had 15 spell levels left.
You didn't know any spells.
Your spell library was empty.

Dungeon Overview and Level Annotations

Branches:
Dungeon (15/15)            Temple (0/1) D:4            Lair (6/6) D:9
 Shoals (0/4) Lair:4       Spider (1/4) Lair:4        Slime (0/5) Lair:6
    Orc (2/2) D:10            Elf (0/3) Orc:2        Vaults (0/5) D:14
 Depths (0/5) D:15

Altars:
Elyvilon
Fedhas
Gozag
Kikubaaqudgha
Makhleb
Nemelex Xobeh
Okawaru
Ru
Trog
Uskayaw
Vehumet
Beogh

Shops:
D:7 [!*[   Orc:2 :![

Portals:
Trove: D:10 (give 16 scrolls of teleportation)

Annotations:
D:11 exclusion: door
Lair:6 exclusion: 4 oklob plants


Innate Abilities, Weirdness & Mutations

You are small and have problems with some larger weapons.
You are carnivorous and can eat meat at any time.
You are robust. (+10% HP)
Your spells are a little harder to cast, but a little more powerful.


Message History

The emperor scorpion claws you but does no damage. x2
The redback bites you but does no damage.
You take 8 damage, and have 65/116 hp.
You bludgeon the emperor scorpion!! The redback closely misses you.
You block the redback's attack.
The redback bites you but does no damage.
The redback misses you.
You block the emperor scorpion's attack.
The emperor scorpion closely misses you.
The emperor scorpion claws you but does no damage.
The redback bites you!
You take 9 damage, and have 56/116 hp.
You hit the emperor scorpion.
The redback bites you but does no damage. x3
You block the redback's attack. The emperor scorpion stings you.
The emperor scorpion claws you but does no damage. x2
You block the redback's attack.
You barely miss the emperor scorpion. You block the redback's attack.
The redback bites you but does no damage.
The redback closely misses you.
The emperor scorpion closely misses you.
You block the emperor scorpion's attack.
The emperor scorpion closely misses you.
The redback closely misses you.
The redback bites you but does no damage.
You hit the emperor scorpion but do no damage.
You block the redback's attack.
The redback bites you but does no damage.
You block the redback's attack.
The emperor scorpion closely misses you. x2
The emperor scorpion claws you but does no damage.
The redback barely misses you. You block the redback's attack.
The redback bites you but does no damage.
You hit the emperor scorpion but do no damage.
The redback bites you but does no damage. x2
The emperor scorpion stings you!
You block the emperor scorpion's attack. x2
The redback misses you. The redback bites you.
The redback completely misses you.
You take 18 damage, and have 38/116 hp.
You puncture the emperor scorpion!
The redback bites you but does no damage.
You block the emperor scorpion's attack. x2
The emperor scorpion claws you but does no damage.
The redback barely misses you.
The redback bites you but does no damage. x2
The emperor scorpion closely misses you.
The emperor scorpion claws you. The emperor scorpion barely misses you.
The redback completely misses you.
You take 3 damage, and have 35/116 hp.
You barely miss the emperor scorpion.
The redback bites you but does no damage.
The redback bites you!
* * * LOW HITPOINT WARNING * * *
You block the redback's attack.
The redback bites you but does no damage.
The emperor scorpion stings you but does no damage.
You block the emperor scorpion's attack. x2
The redback misses you.
You take 10 damage, and have 25/116 hp.
You hit the emperor scorpion. You block the redback's attack.
The redback bites you.
* * * LOW HITPOINT WARNING * * *
The redback bites you but does no damage.
The redback closely misses you.
You block the emperor scorpion's attack.
The emperor scorpion claws you.
* * * LOW HITPOINT WARNING * * *
The emperor scorpion claws you but does no damage.
The redback bites you but does no damage.
You take 9 damage, and have 16/116 hp.
You miss the emperor scorpion. You block the redback's attack.
The redback completely misses you. You block the redback's attack. x2
The emperor scorpion barely misses you. x3
You hit the emperor scorpion but do no damage.
You block the redback's attack. The redback closely misses you.
The redback bites you but does no damage.
You block the redback's attack.
The emperor scorpion completely misses you.
The emperor scorpion barely misses you.
The emperor scorpion closely misses you.
The redback bites you.
* * * LOW HITPOINT WARNING * * *
You are lethally poisoned!
The redback poisons you!
The redback bites you but does no damage.
You take 4 damage, and have 12/116 hp.
You feel better. You block the redback's attack. x3
The emperor scorpion stings you!
* * * LOW HITPOINT WARNING * * *
The emperor scorpion claws you but does no damage. x2
The redback bites you but does no damage.
The redback barely misses you. The redback bites you.
* * * LOW HITPOINT WARNING * * *
You block the emperor scorpion's attack.
The emperor scorpion claws you but does no damage. x2
The redback bites you but does no damage.
You take 9 damage, and have 3/116 hp.
The redback bites you!
You die...

#^..≈# .....≈
......###
^....≈#≈≈
........#
........#####
......s^s≈≈≈#
......s@s.≈#
..........##
.........##
..........#
...........#
......!......
............##
............≈
..)..........≈


You could see an emperor scorpion and 3 redbacks.

Vanquished Creatures
  Kirke (D:13)
  An emperor scorpion (Lair:4)
  A dire elephant (Lair:6)
  2 ettins
  Fannar (D:12)
  8 vault guards (D:14)
  8 hydras
  3 catoblepae
  A merfolk avatar (Lair:6)
  2 centaur warriors (D:15)
  7 two-headed ogres
  A death knight (D:15)
  An ogre mage (D:15)
  The ghost of kirsanium the Cleaver, a novice OpWn of Gozag (D:8)
  A hell knight (D:15)
  Sonja (Lair:6)
  A death drake (shapeshifter) (D:15)
  2 wizards
  A lindwurm (Lair:3)
  A mana viper (shapeshifter) (D:15)
  A wolf spider zombie (D:12)
  A deep elf mage (D:15)
  4 orc knights
  4 phantasmal warriors (D:15)
  An oklob plant (Lair:3)
  9 ugly things
  An orc sorcerer (Orc:2)
  6 cyclopes
  2 moths of wrath (Lair:6)
  4 manticores
  Joseph (D:8)
  6 black mambas
  12 elephants
  3 torpor snails (Lair:6)
  7 spiny frogs
  An efreet (D:15)
  4 rime drakes
  3 centaur skeletons
  3 kobold demonologists
  A yaktaur (D:12)
  10 komodo dragons
  4 polar bears (Lair:6)
  9 meliai
  11 tyrant leeches (Lair:6)
  A wind drake (Lair:6)
  9 trolls
  5 slime creatures (D:15)
  33 blink frogs
  4 hornets
  3 redbacks (Lair:4)
  14 hippogriffs
  A meliai zombie (D:12)
  A spriggan (Lair:6)
  2 wraiths
  A vampire (D:15)
  2 shadows
  A hog (D:13)
  8 wyverns
  11 basilisks
  32 yaks
  Eustachio (D:6)
  A steam dragon (D:14)
  2 hungry ghosts
  7 vampire mosquitoes
  Edmund (D:6)
  4 wargs
  An acid dragon (D:12)
  4 swamp worms (Lair:6)
  2 soldier ants
  12 water moccasins
  7 porcupines
  4 black bears
  26 orc warriors
  5 sky beasts
  A hornet zombie (D:12)
  10 ice beasts
  5 boggarts (D:15)
  A phantom (D:12)
  13 ogres
  A wolf (Lair:1)
  13 centaurs
  15 crocodiles
  Blork the orc (D:6)
  5 big kobolds
  18 bullfrogs
  A gnoll sergeant (D:11)
  5 scorpions
  A hornet simulacrum (D:14)
  4 killer bees
  4 howler monkeys
  A centaur zombie (D:7)
  6 crimson imps
  8 hounds
  A bullfrog zombie (D:5)
  25 orc wizards
  2 bullfrog skeletons
  11 orc priests
  3 jellies
  Jessica (D:3)
  7 worker ants
  3 iguanas
  Natasha (thrice) (D:3)
  2 hound skeletons
  A howler monkey zombie (D:6)
  Robin (D:2)
  3 worker ant zombies
  20 adders
  14 gnolls
  9 shadow imps
  3 oozes
  An adder zombie (D:9)
  2 adder skeletons
  A dart slug (D:1)
  10 leopard geckos
  65 orcs
  A ball python (D:3)
  8 bats
  3 giant cockroaches
  15 goblins
  8 hobgoblins
  15 jackals
  29 kobolds
  6 quokkas
  5 frilled lizards
  7 rats
756 creatures vanquished.

Vanquished Creatures (collateral kills)
  Saint Roka (Orc:2)
  A two-headed ogre (Orc:2)
  A troll (Orc:2)
  A blink frog (Lair:6)
  A yak (D:8)
  A steam dragon (D:12)
  A vampire mosquito (D:12)
  A floating eye (Lair:1)
  14 orc warriors
  2 ogres (Orc:2)
  2 wolves (Lair:1)
  3 centaurs (Orc:2)
  2 bullfrogs (D:8)
  A scorpion (D:8)
  A killer bee (D:12)
  3 orc priests (Orc:2)
  An iguana (D:12)
  2 orc wizards (Orc:2)
  A worker ant zombie (D:8)
  15 orcs
  A quokka (D:8)
56 creatures vanquished.

Vanquished Creatures (others)
  A human (D:13)
  An orc warrior (Orc:2)
  An orc wizard (D:13)
  3 orcs
  A goblin (D:3)
  3 bushes (Lair:6)
  39 fungi
  45 plants (Lair:6)
94 creatures vanquished.

Grand Total: 906 creatures vanquished

Notes
Turn   | Place    | Note
-------+----------+-------------------------------------------
     0 | D:1      | mhoghedin the Kobold Berserker began the quest for the Orb.
     0 | D:1      | Reached XP level 1. HP: 14/14 MP: 1/1
   251 | D:1      | Reached XP level 2. HP: 19/19 MP: 2/2
   436 | D:1      | Reached XP level 3. HP: 13/23 MP: 3/3
   788 | D:1      | Reached skill level 3 in Maces & Flails
   788 | D:1      | Reached skill level 3 in Dodging
   919 | D:1      | Reached skill level 2 in Armour
  1512 | D:2      | Noticed Robin
  1515 | D:2      | Reached XP level 4. HP: 28/29 MP: 4/4
  1520 | D:2      | Reached ** piety under Trog
  1520 | D:2      | Reached skill level 1 in Short Blades
  1520 | D:2      | Reached skill level 1 in Stealth
  1527 | D:2      | Killed Robin
  1527 | D:2      | Reached skill level 4 in Fighting
  1798 | D:2      | Reached XP level 5. HP: 27/33 MP: 5/5
  1964 | D:2      | Found a sparkling altar of Nemelex Xobeh.
  2179 | D:2      | Found a faded altar of an unknown god.
  2584 | D:3      | Noticed Natasha
  2607 | D:3      | Killed Natasha
  2607 | D:3      | Reached XP level 6. HP: 22/39 MP: 6/6
  2666 | D:3      | Reached skill level 4 in Dodging
  2705 | D:3      | Reached *** piety under Trog
  2750 | D:3      | Found a blossoming altar of Fedhas.
  2779 | D:3      | Found a radiant altar of Vehumet.
  2788 | D:3      | Noticed Natasha
  2805 | D:3      | Killed Natasha
  2821 | D:3      | Noticed Natasha
  2883 | D:3      | Killed Natasha
  2883 | D:3      | Reached skill level 5 in Fighting
  2883 | D:3      | Reached XP level 7. HP: 23/44 MP: 7/7
  3097 | D:3      | Noticed Jessica
  3120 | D:3      | Killed Jessica
  3120 | D:3      | Reached skill level 3 in Armour
  3129 | D:3      | Gained mutation: Your spells are a little harder to cast,
                  | but a little more powerful. [potion of mutation]
  3129 | D:3      | Gained mutation: You are robust. (+10% HP) [potion of
                  | mutation]
  3141 | D:3      | Reached skill level 4 in Maces & Flails
  3883 | D:4      | Found a staircase to the Ecumenical Temple.
  4173 | D:5      | Entered Level 5 of the Dungeon
  4468 | D:5      | Reached skill level 5 in Dodging
  4487 | D:5      | Reached XP level 8. HP: 56/56 MP: 8/8
  4599 | D:5      | Reached **** piety under Trog
  4674 | D:6      | Noticed Blork the orc
  4688 | D:6      | Killed Blork the orc
  4837 | D:6      | Reached skill level 6 in Fighting
  5092 | D:6      | Found a sacrificial altar of Ru.
  5339 | D:6      | Noticed Edmund
  5348 | D:6      | Killed Edmund
  5348 | D:6      | Reached skill level 5 in Maces & Flails
  5348 | D:6      | Reached skill level 4 in Armour
  5348 | D:6      | Reached skill level 6 in Dodging
  5374 | D:6      | Found a burning altar of Makhleb.
  5692 | D:6      | Found a hide-covered altar of Uskayaw.
  5714 | D:6      | Noticed Eustachio
  5760 | D:6      | Killed Eustachio
  5978 | D:7      | Found Beuheh's Distillery.
  6024 | D:7      | Reached skill level 1 in Shields
  6037 | D:7      | Reached XP level 9. HP: 55/61 MP: 9/9
  6113 | D:7      | Found Zorefa's Armour Shoppe.
  6145 | D:7      | Reached skill level 2 in Shields
  6155 | D:7      | Found Zontysee's Assorted Antiques.
  6163 | D:7      | Bought a scroll labeled NALEUT LIEFF for 26 gold pieces
  6163 | D:7      | Bought a smoky coppery potion for 23 gold pieces
  6190 | D:7      | Noticed a hippogriff
  6205 | D:7      | Killed a hippogriff
  6205 | D:7      | Reached skill level 6 in Maces & Flails
  6206 | D:7      | Reached skill level 3 in Shields
  6409 | D:7      | Found Agethuy's Armour Boutique.
  6465 | D:7      | Found a burning altar of Makhleb.
  6669 | D:7      | Found an iron altar of Okawaru.
  6869 | D:8      | Reached skill level 7 in Maces & Flails
  6869 | D:8      | Reached skill level 4 in Shields
  6872 | D:8      | Reached ***** piety under Trog
  6876 | D:8      | Noticed Joseph
  6884 | D:8      | HP: 14/61 [poisoned by a killer bee]
  6888 | D:8      | HP: 6/61 [scorpion (4)]
  6955 | D:8      | Reached XP level 10. HP: 64/67 MP: 10/10
  7068 | D:8      | Reached skill level 5 in Shields
  7089 | D:8      | Found the +4 skin of Zhor {rC+++}
  7118 | D:8      | Noticed a two-headed ogre
  7127 | D:8      | Killed a two-headed ogre
  7127 | D:8      | Reached skill level 8 in Maces & Flails
  7392 | D:8      | Noticed Maurice
  7400 | D:7      | Reached skill level 6 in Shields
  7545 | D:8      | Killed Joseph
  7602 | D:8      | Found a runed gate.
  7603 | D:8      | Found a runed gate.
  7603 | D:8      | Found a runed gate.
  7606 | D:8      | Noticed kirsanium's ghost (novice OpWn)
  7653 | D:8      | Identified a scroll of acquirement
  7786 | D:8      | Noticed Maurice
  7795 | D:8      | Killed Maurice the basilisk
  8072 | D:9      | Reached skill level 9 in Maces & Flails
  8072 | D:9      | Reached skill level 1 in Evocations
  8081 | D:9      | Reached skill level 2 in Evocations
  8090 | D:9      | Reached skill level 7 in Fighting
  8090 | D:9      | Reached XP level 11. HP: 50/73 MP: 12/12
  8320 | D:9      | Reached skill level 3 in Evocations
  8335 | D:9      | Found a staircase to the Lair.
  8382 | D:9      | Paralysed by a hornet for 3 turns
  8383 | D:9      | HP: 22/109 [hornet (16)]
  8386 | D:9      | HP: 9/109 [poisoned by a hornet]
  8388 | D:9      | HP: 3/73 [poisoned by a hornet]
  8666 | D:9      | Reached skill level 7 in Shields
  8706 | D:9      | Found a bloodstained altar of Trog.
  8950 | D:9      | Found a white marble altar of Elyvilon.
  8950 | D:9      | Found an ancient bone altar of Kikubaaqudgha.
  8950 | D:9      | Found an opulent altar of Gozag.
  8981 | D:9      | Reached skill level 4 in Evocations
  9078 | D:9      | Received a gift from Trog
  9187 | Lair:1   | Entered Level 1 of the Lair of Beasts
  9276 | Lair:1   | Got a polished trident
  9537 | Lair:1   | Noticed Erica
  9539 | Lair:1   | Noticed Erica
  9539 | Lair:1   | Erica changed into Erica the floating eye
  9543 | Lair:1   | Paralysed by Erica for 3 turns
  9546 | Lair:1   | Killed Erica the floating eye
  9576 | Lair:1   | Reached skill level 8 in Fighting
  9974 | Lair:1   | Reached skill level 5 in Evocations
 10429 | Lair:2   | Noticed an elephant
 10429 | Lair:2   | Noticed an elephant
 10434 | Lair:2   | Noticed an elephant
 10447 | Lair:2   | Noticed an elephant
 10461 | Lair:2   | Noticed an elephant
 10467 | Lair:2   | Noticed an elephant
 10481 | Lair:2   | Killed an elephant
 10487 | Lair:2   | Killed an elephant
 10496 | Lair:2   | Killed an elephant
 10496 | Lair:2   | Reached skill level 10 in Maces & Flails
 10497 | Lair:2   | Killed an elephant
 10498 | Lair:2   | Killed an elephant
 10498 | Lair:2   | Reached skill level 6 in Evocations
 10500 | Lair:2   | Killed an elephant
 10500 | Lair:2   | Reached XP level 12. HP: 43/82 MP: 16/16
 11030 | Lair:2   | Reached skill level 8 in Shields
 11052 | Lair:2   | Reached skill level 9 in Fighting
 11659 | Lair:3   | Reached skill level 7 in Evocations
 11860 | Lair:3   | HP: 28/124 [basilisk (18)]
 11869 | Lair:3   | HP: 29/124 [basilisk (11)]
 12266 | D:7      | Bought the cursed +0 scale mail of Gafilur {rPois Int+2}
                  | for 164 gold pieces
 13188 | Lair:4   | Found a staircase to the Shoals.
 13436 | Lair:4   | Reached skill level 8 in Evocations
 13510 | Lair:4   | Found a hole to the Spider Nest.
 13757 | Lair:4   | Reached skill level 10 in Fighting
 14443 | Lair:5   | Reached skill level 11 in Maces & Flails
 14496 | Lair:5   | Reached XP level 13. HP: 61/90 MP: 19/19
 14901 | Lair:5   | Noticed a five-headed hydra
 14910 | Lair:5   | Killed a five-headed hydra
 15096 | Lair:5   | Got a dazzling leather armour
 15263 | Lair:5   | Identified the +1 leather armour of Xijur {rN+} (You found
                  | it on level 5 of the Lair of Beasts)
 15292 | Lair:6   | Entered Level 6 of the Lair of Beasts
 15301 | Lair:6   | Reached skill level 12 in Maces & Flails
 15366 | Lair:6   | HP: 15/90 [black mamba (12)]
 15492 | Lair:6   | Found a staircase to the Slime Pits.
 15531 | Lair:6   | Reached skill level 13 in Maces & Flails
 15688 | Lair:6   | Noticed a seven-headed hydra
 15698 | Lair:6   | Killed a seven-headed hydra
 15730 | Lair:6   | Noticed Sonja
 15747 | Lair:6   | Killed Sonja
 15794 | Lair:6   | Noticed a dire elephant
 15807 | Lair:6   | Killed a dire elephant
 15807 | Lair:6   | Reached skill level 14 in Maces & Flails
 15821 | Lair:6   | HP: 18/90 [elephant (11)]
 15841 | Lair:6   | Noticed a six-headed hydra
 15849 | Lair:6   | HP: 20/90 [six-headed hydra (5)]
 15851 | Lair:6   | Killed a six-headed hydra
 15851 | Lair:6   | Reached XP level 14. HP: 21/96 MP: 20/20
 15882 | Lair:6   | HP: 23/96 [water moccasin (7)]
 16310 | Lair:6   | HP: 10/96 [blink frog (15)]
 16328 | Lair:6   | HP: 3/96 [swamp worm/harpoon shot (12)]
 16538 | Lair:6   | Reached skill level 11 in Fighting
 16569 | Lair:6   | HP: 12/99 [blink frog (15)]
 17094 | Lair:6   | Reached skill level 12 in Fighting
 17135 | Lair:6   | Reached skill level 15 in Maces & Flails
 17718 | Lair:6   | Got a scorched bone ring
 17760 | Lair:6   | Identified the ring "Gismiraohu" {rPois Str+2 Int+3 Stlth+}
                  | (You found it on level 6 of the Lair of Beasts)
 18337 | D:7      | Bought a +0 plate armour of cold resistance for 480 gold
                  | pieces
 18384 | D:10     | Entered Level 10 of the Dungeon
 18495 | D:10     | Found a staircase to the Orcish Mines.
 18775 | D:10     | Found a portal to a secret trove of treasure.
 19131 | D:7      | Bought a scroll of teleportation for 78 gold pieces
 19131 | D:7      | Bought a potion of heal wounds for 130 gold pieces
 19131 | D:7      | Bought a scroll of enchant armour for 195 gold pieces
 19207 | D:8      | Killed kirsanium's ghost
 19814 | D:11     | Received a gift from Trog
 19827 | D:11     | Reached XP level 15. HP: 106/106 MP: 21/21
 19850 | D:11     | Found a runed door.
 20041 | D:11     | Reached skill level 9 in Shields
 20066 | D:11     | HP: 26/106 [poisoned by a green ugly thing]
 20072 | D:11     | HP: 25/106 [poisoned by a green ugly thing]
 20080 | D:11     | HP: 25/106 [poisoned by a green ugly thing]
 20088 | D:11     | HP: 25/106 [poisoned by a green ugly thing]
 21117 | D:12     | Reached skill level 7 in Dodging
 21294 | D:12     | Reached skill level 9 in Evocations
 21369 | D:12     | Reached ****** piety under Trog
 21636 | D:12     | Noticed Fannar
 21716 | D:12     | Reached skill level 5 in Armour
 21736 | D:12     | Killed Fannar
 21736 | D:12     | Reached skill level 13 in Fighting
 22040 | D:13     | Noticed Kirke
 22075 | D:13     | Killed Kirke
 22329 | D:13     | Got an ancient tin ring
 22330 | D:13     | Identified the ring of Fallacy {+Blink rN++ MR- AC+3 Dex-3}
                  | (You found it on level 13 of the Dungeon)
 22685 | D:13     | Reached skill level 8 in Dodging
 22769 | D:13     | Received a gift from Trog
 23491 | D:14     | Found a gate to the Vaults.
 23506 | D:14     | Reached skill level 10 in Evocations
 23508 | D:14     | Reached XP level 16. HP: 109/114 MP: 23/23
 23849 | D:15     | Entered Level 15 of the Dungeon
 23882 | D:15     | Reached skill level 6 in Armour
 24372 | D:15     | Reached skill level 9 in Dodging
 24614 | D:15     | Reached skill level 10 in Shields
 24724 | D:15     | HP: 20/113 [ettin/+0 great mace (11)]
 24762 | D:15     | HP: 19/115 [??? (11)]
 25274 | D:15     | Received a gift from Trog
 25328 | D:15     | Found a staircase to the Depths.
 25566 | Orc:1    | Entered Level 1 of the Orcish Mines
 25627 | Orc:1    | Found a roughly hewn altar of Beogh.
 25816 | Orc:2    | Entered Level 2 of the Orcish Mines
 25817 | Orc:2    | Noticed Saint Roka
 25833 | Orc:2    | Killed Saint Roka
 25841 | Orc:2    | Reached skill level 16 in Maces & Flails
 26105 | Orc:1    | Reached skill level 11 in Evocations
 26576 | Orc:2    | Reached skill level 14 in Fighting
 26623 | Orc:2    | Found Ahudum's Book Emporium.
 26623 | Orc:2    | Found Qemen's Distillery.
 26625 | Orc:2    | Found Hymaowos's Book Shop.
 26627 | Orc:2    | Found Fekecats's Armour Shoppe.
 26647 | Orc:2    | Bought a potion of heal wounds for 55 gold pieces
 26806 | Orc:2    | Found a staircase to the Elven Halls.
 26826 | Orc:2    | Found a roughly hewn altar of Beogh.
 27117 | Orc:2    | Found a burning altar of Makhleb.
 27383 | Orc:1    | Received a gift from Trog
 27825 | Spider:1 | Entered Level 1 of the Spider Nest
 27854 | Lair:4   | Reached skill level 10 in Dodging
 28206 | Spider:1 | HP: 25/116 [redback (10)]
 28209 | Spider:1 | HP: 12/116 [redback (4)]
 28210 | Spider:1 | HP: 3/116 [redback (5)]
 28211 | Spider:1 | Slain by a redback

Vault maps used:
D:1:      dpeg_arrival_rooms_c, minmay_crystal_water, st_stairs_3,
          nrook_loot_triangle
D:2:      nemelex_xobeh_ov_fountains_minmay,
          chequers_ecumenical_altar_simple_redux, uniq_robin
D:3:      fiery_altar_vehumet, nicolae_overflow_hidden_temple, dk_vineyard_2,
          fedhas_altar_2, uniq_natasha, uniq_jessica
D:4:      minmay_temple_entry_stoned_glass, first_ration
D:6:      kennysheep_mini_moat, lemuel_crystal_altar,
          nicolae_ru_the_path_less_chosen, uniq_eustachio, uniq_edmund,
          uniq_blork_the_orc
D:7:      kennysheep_mini, serial_shops, shop, nicolae_shop_waterfront, shop,
          shop, basic_altar
D:8:      ebering_ghost_rock_garden, grunt_ogre_cave,
          minmay_fractal_squares_diagonal_5, uniq_maurice, uniq_joseph
D:9:      gammafunk_temple_overflow_claw, lemuel_round_altar, lair_entry_dummy
D:10:     erik_orc_4, nicolae_trove_entry_diagonal
D:11:     gammafunk_mikee_crab_dinner
D:12:     kennysheep_windowed_halls, uniq_fannar
D:13:     minmay_misc_feat_enclosed, small_chamber_with_monster,
          nicolae_sextant, uniq_kirke
D:14:     erik_vaults_2, minmay_misc_feat_square
D:15:     hangedman_depths_entry_civil_slaughter, nrook_mini_backslash
Lair:1:   chequers_serial_rivers_room_b, uniq_erica
Lair:3:   kennysheep_basilisk_garden
Lair:4:   minmay_shoals_entry_beasts, spider_nest_entry_web_field,
          lemuel_fruit_tree
Lair:6:   gammafunk_lair_ancient_temple, slime_dummy,
          portal_ice_cave_entry_ice_beasts, worms_lemuel,
          minmay_lair_oklob_chamber, uniq_sonja
Spider:1: uniq_frances
Orc:1:    basic_altar
Orc:2:    st_orc_rangers, basic_altar, bloody_makhleb, uniq_saint_roka

Skill      XL: |  1  2  3  4  5  6  7  8  9 10 11 12 13 14 15 16 |
---------------+-------------------------------------------------+-----
Maces & Flails | 3 4 5 7 9 10 11 14 15 16 | 16.0
Dodging        | 3 4 5 6 8 10 | 10.0
Armour         | 2 3 4 5 6 |  6.9
Short Blades   | 1 |  1.3
Stealth        | 1 |  1.5
Fighting       | 4 5 6 7 8 10 12 13 14 | 14.1
Shields        | 1 4 6 7 8 9 10 | 10.3
Evocations     | 2 6 8 10 11 | 11.2

Action                   |  1- 3 |  4- 6 |  7- 9 | 10-12 | 13-15 | 16-18 || total
-------------------------+-------+-------+-------+-------+-------+-------++-------
Melee: Mace              |    74 |       |       |       |       |       ||    74
       Dagger            |    15 |    13 |       |       |       |       ||    28
       Club              |       |   108 |   403 |    61 |       |       ||   572
       Flail             |       |       |    34 |       |       |       ||    34
       Whip              |       |       |    28 |       |       |       ||    28
       Eveningstar       |       |       |       |   565 |  1155 |   491 ||  2211
Invok: Berserk           |     3 |     4 |     5 |    10 |     7 |     2 ||    31
       Trog's Hand       |       |     2 |     4 |     7 |    10 |     3 ||    26
       Brothers in Arms  |       |       |     1 |     1 |     1 |     4 ||     7
 Abil: Evoke Invisibilit |       |       |       |     3 |     2 |     1 ||     6
Evoke: Wand              |       |       |       |     6 |    49 |    11 ||    66
       Fan of gales      |       |       |       |       |     1 |       ||     1
       Lamp of fire      |       |       |       |       |     1 |     2 ||     3
       Box of beasts     |       |       |       |       |       |     1 ||     1
  Use: Scroll            |       |       |    13 |    12 |    11 |     2 ||    38
       Potion            |       |       |     8 |    10 |     7 |     7 ||    32
 Stab: Sleeping          |     3 |     2 |     2 |     1 |     1 |       ||     9
       Distracted        |       |     1 |       |       |       |       ||     1
       Invisible         |       |       |       |     4 |     9 |     9 ||    22
       Petrified         |       |       |       |       |       |     3 ||     3
  Eat: Chunk             |     5 |    14 |    22 |    39 |    37 |     2 ||   119
       Ration            |       |       |       |     2 |       |     9 ||    11
Armor: Animal skin       |    23 |     7 |       |   100 |     5 |       ||   135
       Ring mail         |       |    15 |   182 |     1 |       |       ||   198
       Skin              |       |     9 |    97 |     2 |       |       ||   108
       Scale mail        |       |       |       |    35 |   118 |       ||   153
       Plate armour      |       |       |       |       |   227 |   221 ||   448
Dodge: Dodged            |   101 |    88 |   410 |   326 |   428 |   278 ||  1631
Block: Shield            |       |       |   167 |   354 |   682 |   349 ||  1552

Table legend:
 A = Non-vault XP
 B = Vault XP
 C = Vault XP percentage of total XP
 D = Non-vault monster count
 E = Vault monster count
 F = Vault count percentage of total count
                 A         B        C        D         E       F
            +---------+---------+-------+---------+---------+-------
      Total |   94018 |   55909 |  37.3 |     610 |     202 |  24.9
            +---------+---------+-------+---------+---------+-------
        D:1 |      44 |       4 |   8.3 |      23 |       3 |  11.5
        D:2 |     152 |      25 |  14.1 |      25 |       7 |  21.9
        D:3 |     350 |      72 |  17.1 |      35 |       2 |   5.4
        D:4 |      96 |       0 |   0.0 |       7 |       0 |   0.0
        D:5 |     550 |       0 |   0.0 |      27 |       0 |   0.0
        D:6 |     272 |     464 |  63.0 |       6 |       3 |  33.3
        D:7 |    1498 |       0 |   0.0 |      38 |       0 |   0.0
        D:8 |    1776 |    2146 |  54.7 |      23 |      12 |  34.3
        D:9 |    3261 |       0 |   0.0 |      36 |       0 |   0.0
       D:10 |    1362 |     439 |  24.4 |      19 |      16 |  45.7
       D:11 |    4398 |       0 |   0.0 |      33 |       0 |   0.0
       D:12 |    6436 |    6517 |  50.3 |      41 |      21 |  33.9
       D:13 |    5877 |    2961 |  33.5 |      33 |       3 |   8.3
       D:14 |    6346 |    7966 |  55.7 |      25 |       8 |  24.2
       D:15 |   15640 |    5519 |  26.1 |      37 |       6 |  14.0
     Lair:1 |    2897 |      71 |   2.4 |      20 |       1 |   4.8
     Lair:2 |    4742 |       0 |   0.0 |      14 |       0 |   0.0
     Lair:3 |    3111 |     766 |  19.8 |      11 |       4 |  26.7
     Lair:4 |    5434 |     780 |  12.6 |      21 |       2 |   8.7
     Lair:5 |    4710 |       0 |   0.0 |      17 |       0 |   0.0
     Lair:6 |   19268 |   20045 |  51.0 |      63 |      61 |  49.2
      Orc:1 |    2336 |     379 |  14.0 |      22 |       4 |  15.4
      Orc:2 |    3462 |    7755 |  69.1 |      34 |      49 |  59.0
            +---------+---------+-------+---------+---------+-------

Vault maps used:
D:1:      dpeg_arrival_rooms_c, minmay_crystal_water, st_stairs_3,
          nrook_loot_triangle
D:2:      nemelex_xobeh_ov_fountains_minmay,
          chequers_ecumenical_altar_simple_redux, uniq_robin
D:3:      fiery_altar_vehumet, nicolae_overflow_hidden_temple, dk_vineyard_2,
          fedhas_altar_2, uniq_natasha, uniq_jessica
D:4:      minmay_temple_entry_stoned_glass, first_ration
D:6:      kennysheep_mini_moat, lemuel_crystal_altar,
          nicolae_ru_the_path_less_chosen, uniq_eustachio, uniq_edmund,
          uniq_blork_the_orc
D:7:      kennysheep_mini, serial_shops, shop, nicolae_shop_waterfront, shop,
          shop, basic_altar
D:8:      ebering_ghost_rock_garden, grunt_ogre_cave,
          minmay_fractal_squares_diagonal_5, uniq_maurice, uniq_joseph
D:9:      gammafunk_temple_overflow_claw, lemuel_round_altar, lair_entry_dummy
D:10:     erik_orc_4, nicolae_trove_entry_diagonal
D:11:     gammafunk_mikee_crab_dinner
D:12:     kennysheep_windowed_halls, uniq_fannar
D:13:     minmay_misc_feat_enclosed, small_chamber_with_monster,
          nicolae_sextant, uniq_kirke
D:14:     erik_vaults_2, minmay_misc_feat_square
D:15:     hangedman_depths_entry_civil_slaughter, nrook_mini_backslash
Lair:1:   chequers_serial_rivers_room_b, uniq_erica
Lair:3:   kennysheep_basilisk_garden
Lair:4:   minmay_shoals_entry_beasts, spider_nest_entry_web_field,
          lemuel_fruit_tree
Lair:6:   gammafunk_lair_ancient_temple, slime_dummy,
          portal_ice_cave_entry_ice_beasts, worms_lemuel,
          minmay_lair_oklob_chamber, uniq_sonja
Spider:1: uniq_frances
Orc:1:    basic_altar
Orc:2:    st_orc_rangers, basic_altar, bloody_makhleb, uniq_saint_roka

Table legend:
 A = Turns spent in this place as a percentage of turns spent in the entire game.
 B = Non-inter-level travel turns spent in this place as a percentage of non-inter-level travel turns spent in the entire game.
 C = Inter-level travel turns spent in this place as a percentage of turns spent in this place.
 D = Turns resting spent in this place as a percentage of non-inter-level travel turns spent in this place.
 E = Turns spent auto-exploring this place as a percentage of non-inter-level travel turns spent in this place.
 F = Non-inter-level travel turns spent in this place divided by the number of levels of this place that you've seen.
                   A       B       C       D       E      F
               +-------+-------+-------+-------+-------+----------------------
         Total | 100.0 | 100.0 |   5.4 |  30.3 |  45.1 | 1111.9
       Dungeon |  58.9 |  58.6 |   5.9 |  25.2 |  51.0 | 1042.3
          Lair |  33.3 |  33.6 |   4.6 |  36.8 |  37.5 | 1493.8
   Spider Nest |   0.2 |   0.2 |   0.0 |   0.0 |   0.0 |  46.0
  Orcish Mines |   7.6 |   7.7 |   4.9 |  41.5 |  34.4 | 1021.5
               +-------+-------+-------+-------+-------+----------------------

Table legend:
 A = Kills in this place as a percentage of kills in entire the game.
 B = Kills by you in this place as a percentage of kills by you in the entire game.
 C = Kills by friends in this place as a percentage of kills by friends in the entire game.
 D = Other kills in this place as a percentage of other kills in the entire game.
 E = Experience gained in this place as a percentage of experience gained in the entire game.
 F = Experience gained in this place divided by the number of levels of this place that you have seen.
                   A       B       C       D       E      F
               +-------+-------+-------+-------+-------+----------------------
         Total | 100.0 | 100.0 | 100.0 |   N/A | 100.0 | 6247.0
       Dungeon |  60.2 |  63.1 |  21.4 |   N/A |  49.5 | 4944.7
          Lair |  26.4 |  27.8 |   7.1 |   N/A |  41.2 | 10304.0
  Orcish Mines |  13.4 |   9.1 |  71.4 |   N/A |   9.3 | 6966.0
               +-------+-------+-------+-------+-------+----------------------
